 Dungeon Crawl Stone Soup version 0.17.0-18-gaab0e96 (webtiles) character file.

391 xeno23 the Gusty (level 6, 0/32 HPs)
             Began as a Tengu Air Elementalist on Nov 11, 2015.
             Killed from afar by an orc wizard (10 damage)
             ... with a magic dart
             ... on level 5 of the Dungeon.
             The game lasted 00:26:52 (3411 turns).

xeno23 the Gusty (Tengu Air Elementalist)           Turns: 3411, Time: 00:26:55

Health: 0/32       AC:  7    Str:  9    XL:     6   Next: 80%
Magic:  1/13       EV: 10    Int: 17    God:
Gold:   21         SH:  0    Dex: 14    Spells: 4 memorised, 5 levels left

rFire  + . .     SeeInvis .     y - +3 trident
rCold  . . .     Clarity  .     q - +1 ring mail {rF+}
rNeg   . . .     SustAt   .     (no shield)
rPois  .         Gourm    .     (helmet restricted)
rElec  .         Spirit   .     t - +0 cloak
rCorr  .         Warding  .     (no gloves)
rMut   .         Stasis   .     (boots unavailable)
MR     .....                    (no amulet)
Stlth  +.........               u - ring of flight
                                d - ring of invisibility

@: repel missiles, not resistant to hostile enchantments, very unstealthy
A: beak, talons 3, able to fly 1
a: Fly, Evoke Invisibility, Evoke Flight


You were on level 5 of the Dungeon.
You were hungry.

You visited 1 branch of the dungeon, and saw 5 of its levels.

You collected 248 gold pieces.
You spent 227 gold pieces at shops.

Inventory:

Hand Weapons
 y - a +3 trident (weapon)
Missiles
 A - 14 poisoned needles
Armour
 a - a +0 robe
 q - a +1 ring mail of fire resistance (worn)
 t - a +0 cloak (worn)
Jewellery
 d - a ring of invisibility (left hand)
 u - a ring of flight (right hand)
Wands
 o - a wand of lightning (12)
Scrolls
 f - 5 scrolls of fear
 g - a scroll of identify
 j - a scroll of enchant armour {unknown}
 l - 4 scrolls of remove curse
 n - a scroll of immolation {unknown}
 r - a scroll of amnesia {unknown}
 v - a scroll of noise {unknown}
 B - 2 scrolls of teleportation
 C - a scroll of fog
Potions
 i - 3 potions of curing
 k - a potion of heal wounds
 m - a potion of brilliance
 w - a potion of might
 x - a potion of agility {unknown}
 z - a potion of cure mutation {unknown}
Books
 b - a book of Air

   Spells                             Type                      Level
   a - Shock                          Conjuration/Air              1
   b - Swiftness                      Charms/Air                   2
   c - Repel Missiles                 Charms/Air                   2
   d - Static Discharge               Conjuration/Air              3
   e - Lightning Bolt                 Conjuration/Air              5
Comestibles
 c - 4 bread rations
 h - 4 meat rations
 s - 3 fruits


   Skills:
 - Level 2.4 Dodging
 - Level 2.1 Stealth
 - Level 0.2 Unarmed Combat
 + Level 4.0 Spellcasting
 + Level 4.9 Conjurations
 + Level 6.3 Air Magic


You had 5 spell levels left.
You knew the following spells:

 Your Spells              Type           Power        Failure   Level  Hunger
a - Shock                 Conj/Air       ###.         4%          1    None
b - Swiftness             Chrm/Air       ##......     21%         2    ##.....
q - Static Discharge      Conj/Air       ###.....     14%         3    ###....
r - Repel Missiles        Chrm/Air       ##....       21%         2    ##.....


Dungeon Overview and Level Annotations

Branches:
Dungeon (5/15)
 Temple: D:4-7

Altars:
Elyvilon
Okawaru
Ru
Trog

Shops:
D:5 ([}?

Annotations:
D:4 exclusions: door and 1 more exclusion, Sigmund


Innate Abilities, Weirdness & Mutations

You have a beak for a mouth.
You have claws for feet.
You can fly.


Message History

You hit the centaur.
The centaur is severely wounded.
The centaur barely misses you. x2
You hit the centaur. You peck the centaur, but do no damage.
The centaur is severely wounded.
The centaur hits you. The centaur closely misses you.
You take 1 damage.
You hit the centaur. Your kick misses the centaur. You peck the centaur.
The centaur is almost dead.
The centaur completely misses you. The orc wizard casts a spell at you.
The magic dart hits you! The centaur completely misses you.
You take 6 damage.
You barely miss the centaur.
The centaur is almost dead.
The sentinel's mark upon you fades away.
The centaur hits you.
The orc wizard gestures at you while chanting.
The magic dart hits you!
You die...

#......###....
..##....#.# #... ###
#### ##Z.#..# #..
#..###..####.#...# #.
#..#........#######
####....>#####...##.#
........## ###.##.####
##.##...o.# #...)....
........@## ##...#####
.....#c########....# #
#......(.....c..#### #
#..................#####
#....#####......##......
≈≈.... #.._...########
≈≈≈... #......# # ∩≈≈##
#......# # ≈≈≈ ##.....#
#


You could see a centaur and an orc wizard.

Vanquished Creatures
  An orc warrior (D:5)
  A giant frog zombie (D:5)
  A crimson imp (D:5)
  2 orc priests (D:5)
  Robin (D:3)
  5 adders
  2 oozes
  2 adder skeletons (D:5)
  3 worms
  3 orcs (D:5)
  7 bats
  7 giant cockroaches
  14 goblins
  14 hobgoblins
  9 jackals
  5 quokkas
  A ball python (D:3)
  4 giant geckos
  A giant gecko skeleton (D:5)
  A giant gecko zombie (D:5)
  3 giant newts
  6 kobolds
  12 rats
105 creatures vanquished.

Notes
Turn   | Place    | Note
--------------------------------------------------------------
     0 | D:1      | xeno23 the Tengu Air Elementalist began the quest for the Orb.
     0 | D:1      | Reached XP level 1. HP: 10/10 MP: 4/4
   258 | D:1      | Reached XP level 2. HP: 3/15 MP: 3/6
   860 | D:2      | Reached XP level 3. HP: 19/19 MP: 5/7
   946 | D:2      | Learned a level 3 spell: Static Discharge
   949 | D:2      | Learned a level 2 spell: Swiftness
  1022 | D:2      | Reached skill level 5 in Air Magic
  1167 | D:2      | Reached XP level 4. HP: 21/24 MP: 5/8
  1196 | D:2      | Found a white marble altar of Elyvilon.
  1621 | D:3      | Found a sacrificial altar of Ru.
  1692 | D:3      | Noticed Robin
  1717 | D:3      | Gained mutation: You can fly. [Tengu growth]
  1717 | D:3      | Reached XP level 5. HP: 25/28 MP: 2/10
  1726 | D:3      | Killed Robin
  2053 | D:3      | Found a bloodstained altar of Trog.
  2310 | D:4      | Learned a level 2 spell: Repel Missiles
  2330 | D:4      | Noticed Sigmund
  2568 | D:4      | Noticed an ogre
  2674 | D:5      | Entered Level 5 of the Dungeon
  2793 | D:5      | Found Ykixyh Syid's Gadget Shop.
  2797 | D:5      | Found Kirghuxku's Magic Scroll Boutique.
  2807 | D:5      | Upgraded the game from 0.17.0-15-g6d90897 to 0.17.0-18-gaab0e96
  2834 | D:5      | Reached XP level 6. HP: 19/32 MP: 6/12
  2948 | D:5      | Bought a scroll of identify for 26 gold pieces
  2948 | D:5      | Bought a scroll of teleportation for 39 gold pieces
  2948 | D:5      | Bought a scroll of fear for 45 gold pieces
  2948 | D:5      | Bought a scroll of fog for 26 gold pieces
  2948 | D:5      | Bought a scroll of teleportation for 39 gold pieces
  2948 | D:5      | Bought a scroll of remove curse for 39 gold pieces
  2948 | D:5      | Bought a scroll of random uselessness for 13 gold pieces
  3051 | D:5      | Reached skill level 6 in Air Magic
  3113 | D:5      | Found an iron altar of Okawaru.
  3366 | D:5      | Found Jimmecw's Armour Boutique.
  3399 | D:5      | Found Elilutyk's Weapon Shoppe.
  3411 | D:5      | Killed from afar by an orc wizard

Action                   |  1- 3 |  4- 6 || total
-------------------------+-------+-------++-------
Melee: Unarmed           |    22 |       ||    22
       Trident           |    16 |    82 ||    98
 Cast: Shock             |    64 |    91 ||   155
       Static Discharge  |       |     7 ||     7
       Repel Missiles    |       |     2 ||     2
 Abil: Evoke Invisibilit |       |     2 ||     2
Evoke: Wand              |       |     1 ||     1
  Use: Scroll            |       |     9 ||     9
 Stab: Sleeping          |     2 |     5 ||     7
       Distracted        |       |     1 ||     1
  Eat: Chunk             |     2 |     8 ||    10
